APP
GRAND JUNCTION ROCKIES @ MIAMI (APP) MARLINS
07/19/2044
 
TOP OF THE 1ST
Grand Junction Rockies batting - Pitching for Miami (APP) Marlins : RHP Adam Brown
Pitching: RHP Adam Brown
Batting: LHB Steve Gilliam 0-0: Ball
1-0: Called Strike
1-1: Called Strike
1-2: Ball
2-2: Ball
3-2: Ground out U3 (Groundball, 3, EV 96.9 MPH)
Batting: LHB Bill McGregor 0-0: Foul Ball, location: 2F
0-1: Swinging Strike
0-2: Ball
1-2: Ball
2-2: Ball
3-2: Fly out, F9 (Line Drive, 9, EV 85.6 MPH)
Batting: RHB John Boyer 0-0: DOUBLE (Flyball, 78D, EV 109.4 MPH)
Batting: LHB Chris Salim 0-0: Ball
1-0: Ball
2-0: Ball
3-0: Called Strike
3-1: Base on Balls
Batting: LHB Zack Guillen 0-0: Foul Ball, location: 2F
0-1: Foul Ball, location: 2F
0-2: Ball
1-2: Ball
2-2: Fly out, F8 (Flyball, 8LS, EV 89.4 MPH)
Top of the 1st over - 0 runs, 1 hit, 0 errors, 2 left on base; Grand Junction 0 - Miami (APP) 0
BOTTOM OF THE 1ST
Miami (APP) Marlins batting - Pitching for Grand Junction Rockies : LHP Kyle Mearkle
Pitching: LHP Kyle Mearkle
Batting: RHB Adrian Bocker 0-0: Foul Ball, location: 2F
0-1: Fly out, F7 (Flyball, 7D, EV 100.0 MPH)
Batting: RHB Jason Thrash 0-0: Called Strike
0-1: Ball
1-1: Called Strike
1-2: Strikes out swinging
Batting: RHB Mario Cota 0-0: Ball
1-0: Called Strike
1-1: Ground out 5-3 (Groundball, 56, EV 85.0 MPH)
Bottom of the 1st over - 0 runs, 0 hits, 0 errors, 0 left on base; Grand Junction 0 - Miami (APP) 0
TOP OF THE 2ND
Grand Junction Rockies batting - Pitching for Miami (APP) Marlins : RHP Adam Brown
Pitching: RHP Matt Alexander
Batting: RHB Willis Morales 0-0: Called Strike
0-1: Bunted foul
0-2: Ball
1-2: Ball
2-2: Ball
3-2: Ground out 5-3 (Groundball, 25, EV 92.5 MPH)
Batting: LHB Harry Folsom 0-0: Ball
1-0: Foul Ball, location: 2F
1-1: Ball
2-1: Foul Ball, location: 2F
2-2: Strikes out swinging
Batting: RHB Juan Figueroa 0-0: Called Strike
0-1: Foul Ball, location: 2F
0-2: SOLO HOME RUN (Flyball, 7D, EV 100.0 MPH), Distance : 391 ft
Batting: RHB Yamashita Yagi 0-0: Called Strike
0-1: Ball
1-1: Ball
2-1: Ball
3-1: Base on Balls
Pitching: LHP Tyler Murders
Batting: LHB Steve Gilliam 0-0: Called Strike
0-1: Ball
1-1: Ball
2-1: Ball
3-1: Ground out 5-3 (Groundball, 56S, EV 66.9 MPH)
Top of the 2nd over - 1 run, 1 hit, 0 errors, 1 left on base; Grand Junction 1 - Miami (APP) 0
BOTTOM OF THE 2ND
Miami (APP) Marlins batting - Pitching for Grand Junction Rockies : LHP Kyle Mearkle
Batting: SHB Matt Moore 0-0: Foul Ball, location: 2F
0-1: Fly out, F9 (Flyball, 9S, EV 92.5 MPH)
Batting: RHB Keith Bennett 0-0: Ball
1-0: Swinging Strike
1-1: Ball
2-1: Foul Ball, location: 2F
2-2: Strikes out swinging
Batting: RHB Rick Knoblauch 0-0: Ball
1-0: Swinging Strike
1-1: Ball
2-1: Fly out, F7 (Flyball, 7D, EV 101.9 MPH)
Bottom of the 2nd over - 0 runs, 0 hits, 0 errors, 0 left on base; Grand Junction 1 - Miami (APP) 0
TOP OF THE 3RD
Grand Junction Rockies batting - Pitching for Miami (APP) Marlins : LHP Tyler Murders
Batting: LHB Bill McGregor 0-0: Ball
1-0: Ball
2-0: Called Strike
2-1: Called Strike
2-2: Ball
3-2: Foul Ball, location: 2F
3-2: Base on Balls
Batting: RHB John Boyer 0-0: Ball
1-0: Fielders Choice at 2nd, 5-4 (Groundball, 56, EV 87.5 MPH)
Batting: LHB Chris Salim 0-0: Ball
1-0: Called Strike
1-1: 2-RUN HOME RUN (Flyball, 89XD, EV 110.6 MPH), Distance : 429 ft
Batting: LHB Zack Guillen 0-0: Called Strike
0-1: Ball
1-1: Swinging Strike
1-2: Ball
2-2: Foul Ball, location: 2F
2-2: Ball
3-2: Base on Balls
Batting: RHB Willis Morales 0-0: Called Strike
Zack Guillen steals 2nd base
0-1: Ball
1-1: Ball
Wild Pitch!
Zack Guillen to third
2-1: Ground out 6-3 (Groundball, 6, EV 88.8 MPH)
Zack Guillen scores
Batting: LHB Harry Folsom 0-0: Ball
1-0: Ball
2-0: Ball
3-0: Called Strike
3-1: Called Strike
3-2: Strikes out looking
Top of the 3rd over - 3 runs, 1 hit, 0 errors, 0 left on base; Grand Junction 4 - Miami (APP) 0
BOTTOM OF THE 3RD
Miami (APP) Marlins batting - Pitching for Grand Junction Rockies : LHP Kyle Mearkle
Batting: LHB Gavrilo Brkic 0-0: Ball
1-0: Ball
2-0: Ball
3-0: Called Strike
3-1: Foul Ball, location: 2F
3-2: Foul Ball, location: 2F
3-2: Strikes out swinging
Batting: LHB Melvin Castro 0-0: Ground out 6-3 (Groundball, 4MS, EV 87.5 MPH)
Batting: LHB Bryan Wedge 0-0: Called Strike
0-1: Ball
1-1: Swinging Strike
1-2: Ball
2-2: Foul Ball, location: 2F
2-2: Strikes out swinging
Bottom of the 3rd over - 0 runs, 0 hits, 0 errors, 0 left on base; Grand Junction 4 - Miami (APP) 0
TOP OF THE 4TH
Grand Junction Rockies batting - Pitching for Miami (APP) Marlins : LHP Tyler Murders
Batting: RHB Juan Figueroa 0-0: Ball
1-0: SINGLE (Groundball, 4D, EV 101.2 MPH)
Batting: RHB Yamashita Yagi 0-0: Ball
1-0: Ball
2-0: Ball
3-0: Base on Balls
Juan Figueroa to second
Batting: LHB Steve Gilliam 0-0: Foul Ball, location: 2F
0-1: Called Strike
0-2: Ball
1-2: Foul Ball, location: 2F
1-2: Ball
2-2: Foul Ball, location: 2F
2-2: Ball
3-2: Foul Ball, location: 2F
3-2: Base on Balls
Juan Figueroa to third
Yamashita Yagi to second
Batting: LHB Bill McGregor 0-0: Called Strike
0-1: Fly out, F6 (Line Drive, 6, EV 65.6 MPH)
Batting: RHB John Boyer 0-0: Ball
1-0: Called Strike
1-1: DOUBLE (Line Drive, 5D, EV 93.8 MPH)
Juan Figueroa scores
Yamashita Yagi scores
Steve Gilliam to third
Runner from 3rd tries for Home, SAFE, no throw by LF
Batting: LHB Chris Salim 0-0: Swinging Strike
0-1: Ground out 4-3 (Groundball, 34, EV 82.5 MPH)
John Boyer to third
Batting: LHB Zack Guillen 0-0: Swinging Strike
0-1: Foul Ball, location: 2F
0-2: Strikes out swinging, 2-3 out at first.
Top of the 4th over - 3 runs, 2 hits, 0 errors, 1 left on base; Grand Junction 7 - Miami (APP) 0
BOTTOM OF THE 4TH
Miami (APP) Marlins batting - Pitching for Grand Junction Rockies : LHP Kyle Mearkle
Batting: RHB Adrian Bocker 0-0: Ball
1-0: Ball
2-0: Ball
3-0: Called Strike
3-1: Base on Balls
Batting: RHB Jason Thrash 0-0: Ball
1-0: Fly out, F8 (Flyball, 8RXD, EV 90.6 MPH)
Batting: RHB Mario Cota 0-0: Ball
1-0: Grounds into double play, 6-4-3 (Groundball, 6, EV 92.5 MPH)
Bottom of the 4th over - 0 runs, 0 hits, 0 errors, 0 left on base; Grand Junction 7 - Miami (APP) 0
TOP OF THE 5TH
Grand Junction Rockies batting - Pitching for Miami (APP) Marlins : LHP Tyler Murders
Batting: RHB Willis Morales 0-0: Ball
1-0: Ball
2-0: Ball
3-0: Base on Balls
Pitching: RHP Jeremy Akande
Batting: LHB Harry Folsom 0-0: Ball
Willis Morales steals 2nd base
1-0: Ball
2-0: Foul Ball, location: 2F
2-1: Called Strike
2-2: Foul Ball, location: 2F
2-2: Fly out, F8 (Line Drive, 8RD, EV 94.4 MPH)
Batting: RHB Juan Figueroa 0-0: Ball
1-0: Ball
2-0: Foul Ball, location: 2F
2-1: Called Strike
2-2: 2-RUN HOME RUN (Flyball, 89XD, EV 100.0 MPH), Distance : 407 ft
Batting: RHB Yamashita Yagi 0-0: SINGLE (Groundball, 6MD, EV 100.6 MPH)
Batting: LHB Steve Gilliam 0-0: Ball
1-0: Called Strike
1-1: Called Strike
1-2: Hit by Pitch
Yamashita Yagi to second
Batting: LHB Bill McGregor 0-0: Ball
Passed Ball!
Yamashita Yagi to third
Steve Gilliam to second
1-0: Ball
2-0: Ball
3-0: Base on Balls
Batting: RHB John Boyer 0-0: Ball
1-0: Foul Ball, location: 2F
1-1: Ball
2-1: Ball
3-1: Base on Balls
Yamashita Yagi scores
Steve Gilliam to third
Bill McGregor to second
Pitching: LHP Mike Wasson
Batting: LHB Chris Salim 0-0: Foul Ball, location: 2F
0-1: Hit by Pitch
Steve Gilliam scores
Bill McGregor to third
John Boyer to second
Batting: LHB Zack Guillen 0-0: Ball
1-0: Swinging Strike
1-1: Called Strike
1-2: Ball
2-2: Strikes out swinging
Batting: RHB Willis Morales 0-0: Ball
1-0: Foul Ball, location: 2F
1-1: Swinging Strike
1-2: Strikes out swinging
Top of the 5th over - 4 runs, 2 hits, 0 errors, 3 left on base; Grand Junction 11 - Miami (APP) 0
BOTTOM OF THE 5TH
Miami (APP) Marlins batting - Pitching for Grand Junction Rockies : LHP Kyle Mearkle
Batting: SHB Matt Moore 0-0: Ball
1-0: Foul Ball, location: 2F
1-1: Ball
2-1: Swinging Strike
2-2: Strikes out swinging
Batting: RHB Keith Bennett 0-0: Ball
1-0: Ball
2-0: Ball
3-0: Called Strike
3-1: Swinging Strike
3-2: Foul Ball, location: 2F
3-2: Foul Ball, location: 2F
3-2: Base on Balls
Batting: RHB Rick Knoblauch 0-0: Ball
1-0: Ball
2-0: Foul Ball, location: 2F
2-1: Foul Ball, location: 2F
2-2: Ball
3-2: Base on Balls
Keith Bennett to second
Batting: LHB Gavrilo Brkic 0-0: Called Strike
0-1: Called Strike
0-2: Ball
1-2: Ball
2-2: Strikes out swinging
Batting: LHB Melvin Castro 0-0: Fly out, F9 (Flyball, 89S, EV 82.5 MPH)
Bottom of the 5th over - 0 runs, 0 hits, 0 errors, 2 left on base; Grand Junction 11 - Miami (APP) 0
TOP OF THE 6TH
Grand Junction Rockies batting - Pitching for Miami (APP) Marlins : LHP Mike Wasson
Batting: LHB Harry Folsom 0-0: Called Strike
0-1: Ground out 6-3 (Groundball, 6M, EV 86.2 MPH)
Batting: RHB Juan Figueroa 0-0: Ball
1-0: Ball
2-0: Called Strike
2-1: Swinging Strike
2-2: Ball
3-2: Base on Balls
Batting: RHB Yamashita Yagi 0-0: Foul Ball, location: 2F
0-1: Foul Ball, location: 2F
0-2: Ball
1-2: Grounds into double play, 6-4-3 (Groundball, 6, EV 106.9 MPH)
Top of the 6th over - 0 runs, 0 hits, 0 errors, 0 left on base; Grand Junction 11 - Miami (APP) 0
BOTTOM OF THE 6TH
Miami (APP) Marlins batting - Pitching for Grand Junction Rockies : LHP Kyle Mearkle
Batting: LHB Bryan Wedge 0-0: Ground out 6-3 (Groundball, P, EV 90.6 MPH)
Batting: RHB Adrian Bocker 0-0: Ball
1-0: Called Strike
1-1: Swinging Strike
1-2: Ball
2-2: Strikes out swinging
Pitching: RHP Jim Micaletti
Batting: RHB Jason Thrash 0-0: SINGLE (Groundball, 6MD, EV 96.9 MPH)
Batting: RHB Mario Cota 0-0: Swinging Strike
0-1: Foul Ball, location: 2F
0-2: Strikes out looking
Bottom of the 6th over - 0 runs, 1 hit, 0 errors, 1 left on base; Grand Junction 11 - Miami (APP) 0
TOP OF THE 7TH
Grand Junction Rockies batting - Pitching for Miami (APP) Marlins : LHP Mike Wasson
Pinch Hitting: LHB Michael Krott 0-0: Ball
1-0: SINGLE (Flyball, 34D, EV 95.0 MPH)
Batting: LHB Bill McGregor 0-0: Ball
1-0: Ball
2-0: Ball
3-0: Base on Balls
Michael Krott to second
Batting: RHB John Boyer 0-0: Called Strike
0-1: Ball
1-1: Swinging Strike
1-2: Ball
2-2: Foul Ball, location: 2F
2-2: Foul Ball, location: 2F
2-2: Foul Ball, location: 2F
2-2: Fly out, F5 (Line Drive, 5, EV 70.6 MPH)
Batting: LHB Chris Salim 0-0: Ball
1-0: Ball
2-0: Fielders Choice at 2nd, 3-6 (Groundball, 34, EV 76.9 MPH)
Michael Krott to third
Batting: LHB Zack Guillen 0-0: Ball
1-0: SINGLE (Groundball, 4MD, EV 104.4 MPH)
Michael Krott scores
Chris Salim to second
Batting: RHB Willis Morales 0-0: Ball
1-0: Ball
2-0: Foul Ball, location: 2F
2-1: Ball
3-1: Base on Balls
Chris Salim to third
Zack Guillen to second
Batting: LHB Harry Folsom 0-0: Called Strike
0-1: Called Strike
0-2: Ball
1-2: GRAND SLAM HOME RUN (Flyball, 7D, EV 98.1 MPH), Distance : 382 ft
Batting: RHB Juan Figueroa 0-0: Ball
1-0: Ball
2-0: Called Strike
2-1: Ball
3-1: Reached on error, E4 (Groundball, 4, EV 80.6 MPH)
Batting: RHB Yamashita Yagi 0-0: Ball
1-0: Foul Ball, location: 2F
1-1: Ball
2-1: Foul Ball, location: 2F
2-2: Foul Ball, location: 2F
2-2: Ball
3-2: Base on Balls
Juan Figueroa to second
Batting: LHB Michael Krott 0-0: Ball
1-0: Ball
Wild Pitch!
Juan Figueroa to third
Yamashita Yagi to second
2-0: Ball
3-0: Called Strike
3-1: 3-RUN HOME RUN (Line Drive, 89XD, EV 107.5 MPH), Distance : 423 ft
Batting: LHB Bill McGregor 0-0: Ball
1-0: Ball
2-0: Ball
3-0: Base on Balls
Batting: RHB John Boyer 0-0: DOUBLE (Flyball, 8LXD, EV 106.9 MPH)
Bill McGregor to third
Runner from 3rd tries for Home, SAFE, no throw by CF
Batting: LHB Chris Salim 0-0: Fly out, F8 (Flyball, 8LS, EV 86.9 MPH)
Top of the 7th over - 9 runs, 5 hits, 1 error, 1 left on base; Grand Junction 20 - Miami (APP) 0
BOTTOM OF THE 7TH
Miami (APP) Marlins batting - Pitching for Grand Junction Rockies : RHP Jim Micaletti
Now at 1B: Michael Krott
Batting: SHB Matt Moore 0-0: Called Strike
0-1: Foul Ball, location: 2F
0-2: Ball
1-2: Ball
2-2: Strikes out swinging
Batting: RHB Keith Bennett 0-0: Ball
1-0: Foul Ball, location: 2F
1-1: Foul Ball, location: 2F
1-2: Ground out 6-3 (Groundball, 6MD, EV 86.2 MPH)
Batting: RHB Rick Knoblauch 0-0: Called Strike
0-1: Ball
1-1: Foul Ball, location: 2F
1-2: Ball
2-2: Ball
3-2: Base on Balls
Pitching: RHP Andy Rayer
Batting: LHB Gavrilo Brkic 0-0: Ball
1-0: Ball
2-0: Fly out, F6 (Flyball, 6D, EV 86.9 MPH)
Bottom of the 7th over - 0 runs, 0 hits, 0 errors, 1 left on base; Grand Junction 20 - Miami (APP) 0
TOP OF THE 8TH
Grand Junction Rockies batting - Pitching for Miami (APP) Marlins : LHP Mike Wasson
Batting: LHB Zack Guillen 0-0: Ball
1-0: Ground out 4-3 (Groundball, 4, EV 91.2 MPH)
Batting: RHB Willis Morales 0-0: Ball
1-0: Called Strike
1-1: Ball
2-1: Ball
3-1: Foul Ball, location: 2F
3-2: Base on Balls
Batting: LHB Harry Folsom 0-0: Swinging Strike
0-1: Called Strike
0-2: Strikes out swinging
Batting: RHB Juan Figueroa 0-0: Ball
1-0: Swinging Strike
1-1: Ball
2-1: Ball
3-1: Base on Balls
Willis Morales to second
Batting: RHB Yamashita Yagi 0-0: Fielders Choice at 2nd, 5-4 (Groundball, 56, EV 84.4 MPH)
Top of the 8th over - 0 runs, 0 hits, 0 errors, 2 left on base; Grand Junction 20 - Miami (APP) 0
BOTTOM OF THE 8TH
Miami (APP) Marlins batting - Pitching for Grand Junction Rockies : RHP Andy Rayer
Batting: LHB Melvin Castro 0-0: Ball
1-0: Fly out, F4 (Flyball, 34D, EV 86.2 MPH)
Batting: LHB Bryan Wedge 0-0: Ground out 4-3 (Groundball, 4, EV 86.9 MPH)
Batting: RHB Adrian Bocker 0-0: Fly out, F5 (Popup, 25, EV 80.0 MPH)
Bottom of the 8th over - 0 runs, 0 hits, 0 errors, 0 left on base; Grand Junction 20 - Miami (APP) 0
TOP OF THE 9TH
Grand Junction Rockies batting - Pitching for Miami (APP) Marlins : LHP Mike Wasson
Batting: LHB Michael Krott 0-0: Foul Ball, location: 2F
0-1: DOUBLE (Line Drive, 8LD, EV 91.9 MPH)
Batting: LHB Bill McGregor 0-0: Ball
Wild Pitch!
Michael Krott to third
1-0: DOUBLE (Flyball, 7D, EV 97.5 MPH)
Michael Krott scores
Batting: RHB John Boyer 0-0: 2-RUN HOME RUN (Flyball, 78XD, EV 106.9 MPH), Distance : 414 ft
Batting: LHB Chris Salim 0-0: Fly out, F7 (Flyball, 7D, EV 94.4 MPH)
Batting: LHB Zack Guillen 0-0: Ball
1-0: Swinging Strike
1-1: Foul Ball, location: 2F
1-2: Ground out 5-3 (Groundball, 25, EV 86.2 MPH)
Batting: RHB Willis Morales 0-0: Ball
1-0: Foul Ball, location: 2F
1-1: SINGLE (Groundball, 6MD, EV 96.9 MPH)
Batting: LHB Harry Folsom 0-0: Foul Ball, location: 2F
0-1: Ball
1-1: Called Strike
1-2: Strikes out looking
Top of the 9th over - 3 runs, 4 hits, 0 errors, 1 left on base; Grand Junction 23 - Miami (APP) 0
BOTTOM OF THE 9TH
Miami (APP) Marlins batting - Pitching for Grand Junction Rockies : RHP Andy Rayer
Batting: RHB Jason Thrash 0-0: Ball
1-0: Ball
2-0: Ball
3-0: Called Strike
3-1: Reached on error, E5 (Groundball, 56, EV 79.4 MPH)
Batting: RHB Mario Cota 0-0: Swinging Strike
0-1: Called Strike
0-2: Ball
1-2: Ball
2-2: Ball
3-2: SINGLE (Groundball, 56D, EV 102.5 MPH)
Jason Thrash to second
Batting: SHB Matt Moore 0-0: Ball
1-0: Ball
2-0: Fielders Choice at 2nd, 4-6 (Groundball, 4, EV 86.2 MPH)
Jason Thrash to third
Batting: RHB Keith Bennett 0-0: Swinging Strike
0-1: Swinging Strike
0-2: Ball
1-2: Hit by Pitch
Matt Moore to second
Batting: RHB Rick Knoblauch 0-0: Called Strike
0-1: Ball
1-1: Hit by Pitch
Jason Thrash scores
Matt Moore to third
Keith Bennett to second
Batting: LHB Gavrilo Brkic 0-0: Ball
1-0: Called Strike
1-1: Foul Ball, location: 2F
1-2: Ball
2-2: Ball
3-2: Base on Balls
Matt Moore scores
Keith Bennett to third
Rick Knoblauch to second
Batting: LHB Melvin Castro 0-0: Foul Ball, location: 2F
0-1: Fly out, F9 (Flyball, 9S, EV 88.1 MPH)
Batting: LHB Bryan Wedge Balk!
Keith Bennett scores
Rick Knoblauch to third
Gavrilo Brkic to second
0-0: Ball
1-0: Foul Ball, location: 2F
1-1: Ball
Wild Pitch!
Rick Knoblauch scores
Gavrilo Brkic to third
2-1: Ground out 6-3 (Groundball, 6, EV 86.9 MPH)
Bottom of the 9th over - 4 runs, 1 hit, 1 error, 1 left on base; Grand Junction 23 - Miami (APP) 4
Thursday, March 31st , 2022 - OOTP Baseball 22.12 Build 89